 Dungeon Crawl Stone Soup version 0.31-a0-774-g0d66cbabe8 (webtiles) character file.

Game seed: 11344388354540536883

1075 randomguy2701 the Destroyer (level 8, -2/41 HPs)
             Began as a Deep Elf Conjurer on Sept 17, 2023.
             Slain by a gnoll sergeant
             ... wielding a +4 trident of venom
              (10 damage)
             ... on level 5 of the Dungeon.
             The game lasted 00:05:50 (4340 turns).

randomguy2701 the Destroyer (Deep Elf Conjurer)     Turns: 4340, Time: 00:05:51

Health: -2/41      AC:  2    Str:  4    XL:     8   Next: 8%
Magic:  9/21       EV: 13    Int: 26    God:
Gold:   201        SH:  0    Dex: 13    Spells: 19/22 levels left

rFire   + . .        k - +8 falchion "Une Reon" {flame, rElec}
rCold   + . .        (no shield)
rNeg    . . .        a - +0 robe
rPois   .            (no helmet)
rElec   +            e - scarf {rC+ rF+}
rCorr   .            (no gloves)
SInv    .            (no boots)
Will    .....        (no amulet)
Stlth   +++          o - ring of wizardry
HPRegen 0.26/turn    (no ring)
MPRegen 0.17/turn

%: wizardry (x1)
@: lethally poisoned (-2 -> -25)
A: no striking features
a: no special abilities


You were on level 5 of the Dungeon.
You visited 1 branch of the dungeon, and saw 5 of its levels.

You collected 201 gold pieces.

Inventory:

Hand Weapons
 k - the +8 falchion "Une Reon" (weapon) {flame, rElec}
   (You found it on level 3 of the Dungeon)

   rElec:     It insulates you from electricity.
Armour
 a - a +0 robe (worn)
 e - a scarf of resistance (worn)
Jewellery
 o - a ring of wizardry (left hand)
Wands
 q - a wand of paralysis (7)
 s - a wand of polymorph (11)
Scrolls
 c - a scroll of revelation {unknown}
 d - 2 scrolls of poison {unknown}
 h - a scroll of noise {unknown}
 i - a scroll of brand weapon {unknown}
 j - 2 scrolls of identify {unknown}
 l - a scroll of fear {unknown}
 m - a scroll of immolation {unknown}
 n - a scroll of vulnerability {unknown}
 r - a scroll of teleportation {unknown}
Potions
 b - a potion of magic
 f - 3 potions of attraction {unknown}
 g - a potion of degeneration {unknown}
 p - a potion of curing {unknown}


   Skills:
 + Level 0.1 Fighting
 + Level 1.2 Long Blades
 + Level 3.5 Dodging
 + Level 4.2 Stealth
 + Level 7.9 Spellcasting
 + Level 8.4 Conjurations


You had 19 spell levels left.
You knew the following spells:

 Your Spells              Type           Power      Damage    Failure   Level
a - Magic Dart            Conj           100%       1d8       1%          1
b - Searing Ray           Conj           100%       2d8       1%          2

Your spell library contained the following spells:

 Spells                   Type           Power      Damage    Failure   Level
 Dazzling Flash           Conj/Hex       64%        N/A       1%          3
 Fulminant Prism          Conj/Hex       16%        3d10      4%          4
 Iskenderun's Mystic Bla  Conj/Tloc      32%        2d8       4%          4


Dungeon Overview and Level Annotations

Branches:
Dungeon (5/15)
 Temple: D:4-7

Altars:
Ashenzari
Okawaru
Sif Muna


Message History

The magic dart hits the gnoll!
You kill the gnoll!
The magic dart hits the gnoll sergeant but does no damage.
The magic dart hits the gnoll sergeant.
The gnoll sergeant is lightly wounded.
The magic dart hits the gnoll sergeant but does no damage.
The gnoll sergeant is lightly wounded.
Casting: Magic Dart (safe; 1% risk of failure)
Confirm with . or Enter, or press ? or * to list all spells.
Aiming: Searing Ray (safe; 1% risk of failure)
Press: ? - help, Shift-Dir - straight line, f/p - gnoll sergeant
Aim: a gnoll sergeant, wielding a +4 trident of venom, wearing a +0 ring mail and wearing a +0 kite shield (lightly wounded, 90% to hit)
The searing ray hits the gnoll sergeant.
The gnoll sergeant is moderately wounded. (Press . to maintain the ray.)
The searing ray hits the gnoll sergeant!
The gnoll sergeant is heavily wounded.
The gnoll sergeant hits you from afar with a +4 trident of venom!
You are poisoned.
A gnoll comes into view. It is wielding a +0 spear.
Unknown command.
The searing ray hits the gnoll sergeant!
The gnoll sergeant is almost dead.
You feel very sick.
The gnoll sergeant hits you from afar with a +4 trident of venom!
You are lethally poisoned!
Unknown command.
Casting: Searing Ray (safe; 1% risk of failure)
Confirm with . or Enter, or press ? or * to list all spells.
Restarting spell: Searing Ray (safe; 1% risk of failure)
Press: ? - help, Shift-Dir - straight line, f/p - gnoll sergeant
Aim: a gnoll sergeant, wielding a +4 trident of venom, wearing a +0 ring mail and wearing a +0 kite shield (almost dead, 90% to hit)
The searing ray hits the gnoll sergeant.
The gnoll sergeant is almost dead. (Press . to maintain the ray.)
The gnoll shouts!
* * * LOW HITPOINT WARNING * * *
You feel extremely sick.
The gnoll sergeant hits you from afar with a +4 trident of venom!
You die...

#.# #g# #.# #.. ## #)#
#.. #g# #.# #.### #.#
#@..# #.# #...# # #.#
#...# #######.#####
#..## ............#
#..# #######.###.# #..#
## ####..##.####..#
)###..............##
#)).......#.##.###.####


You could see a gnoll sergeant and a gnoll.

Vanquished Creatures
  Sigmund (D:3)
  An ice beast (D:5)
  A black bear (D:5)
  An ogre (D:3)
  A phantom (D:4)
  2 hounds
  A jelly (D:5)
  A gnoll bouda (D:5)
  4 orc priests
  Jessica (D:3)
  An iguana (D:5)
  An orc wizard (D:5)
  8 gnolls (D:5)
  9 adders
  2 dart slugs (D:1)
  15 orcs
  8 ball pythons
  12 endoplasms
  3 giant cockroaches (D:1)
  4 goblins
  6 hobgoblins
  5 jackals (D:4)
  2 quokkas
  7 bats
  2 frilled lizards
  2 kobolds
  9 rats
110 creatures vanquished.

Notes
Turn   | Place    | Note
-------+----------+-------------------------------------------
     0 | D:1      | randomguy2701 the Deep Elf Conjurer began the quest for the
                  | Orb.
     0 | D:1      | Reached XP level 1. HP: 10/10 MP: 6/6
   102 | D:1      | You fall into a shaft and drop 1 floor!
   111 | D:2      | Reached XP level 2. HP: 15/15 MP: 4/8
   114 | D:2      | Learned a level 2 spell: Searing Ray
   169 | D:2      | Reached skill level 5 in Conjurations
   249 | D:2      | Reached XP level 3. HP: 19/19 MP: 4/9
  1173 | D:1      | Reached XP level 4. HP: 24/24 MP: 9/11
  1769 | D:3      | Noticed an ogre
  1798 | D:3      | Killed an ogre
  1799 | D:3      | Reached skill level 6 in Conjurations
  1799 | D:3      | Reached XP level 5. HP: 28/28 MP: 2/13
  1925 | D:3      | Noticed Sigmund
  1946 | D:3      | Killed Sigmund
  1947 | D:3      | Reached skill level 5 in Spellcasting
  1947 | D:3      | Reached XP level 6. HP: 25/32 MP: 5/15
  2128 | D:3      | Found an iron altar of Okawaru.
  2137 | D:3      | Identified the +8 falchion "Une Reon" {flame, rElec}
  2212 | D:3      | Reached skill level 7 in Conjurations
  2314 | D:3      | Found a faded altar of an unknown god.
  2568 | D:3      | Noticed Jessica
  2570 | D:3      | Killed Jessica
  3018 | D:4      | Reached XP level 7. HP: 36/36 MP: 13/18
  3104 | D:4      | Found a broken altar of Ashenzari.
  3215 | D:4      | Found a shimmering blue altar of Sif Muna.
  3234 | D:4      | Paralysed by an orc for 4 turns
  3755 | D:5      | Entered Level 5 of the Dungeon
  3798 | D:5      | Reached skill level 8 in Conjurations
  3917 | D:5      | Reached skill level 1 in Long Blades
  4057 | D:5      | Reached XP level 8. HP: 12/41 MP: 7/21
  4340 | D:5      | Slain by a gnoll sergeant

Illustrated notes

Levels and vault maps discovered:
D:1:      lemuel_arrival_room, layout_loops_corners
D:2:      layout_basic
D:3:      minmay_skewed_foursquare, layout_loops_ring,
          okawaru_ov_weapons_minmay, ebering_ecumenical_altar_box, uniq_jessica,
          uniq_sigmund
D:4:      layout_basic, mainiacjoe_overflow_catch_the_wave
D:5:      layout_loops_ring, mainiacjoe_overflow_alcove_4,
          chequers_serial_rivers_micro_e

Skill      XL: |  1  2  3  4  5  6  7 |
---------------+----------------------+-----
Conjurations   | 5 6 7 8 |  8.4
Stealth        | 3 4 |  4.2
Spellcasting   | 4 5 6 7 |  7.9
Dodging        | 3 |  3.5
Long Blades    | 1 |  1.2
Fighting       | |  0.1

Action                     |  1- 3 |  4- 6 |  7- 9 || total
---------------------------+-------+-------+-------++-------
  Melee: Falchion          |       |     6 |     3 ||     9
   Cast: Magic Dart        |    67 |    70 |    91 ||   228
         Searing Ray       |       |     4 |    11 ||    15
 Armour: Robe              |     6 |    10 |    11 ||    27
  Dodge: Dodged            |     7 |     9 |     8 ||    24

Table legend: (Time is in decaauts)
 A = Elapsed time spent in this place.
 B = Non-inter-level travel time spent in this place.
 C = Inter-level travel time spent in this place.
 D = Time resting spent in this place.
 E = Time spent auto-exploring this place.
 F = Levels seen in this place.
 G = Mean time per level.
                   A        B        C        D        E       F      G
               +--------+--------+--------+--------+--------+-----+--------+
         Total |   4340 |   4218 |    122 |      0 |   3741 |   5 |  868.0 |
       Dungeon |   4340 |   4218 |    122 |      0 |   3741 |   5 |  868.0 |
               +--------+--------+--------+--------+--------+-----+--------+

Top non-repeatable levels by time:
     D:1: 1288 daAuts
     D:3: 1120 daAuts
     D:4: 898 daAuts
     D:5: 585 daAuts
     D:2: 447 daAuts
